 Dungeon Crawl Stone Soup version 0.28-a0-691-gad6df49e81 (webtiles) character file.

Game seed: 11619076028464707849

51 Rocko1345 the Chopper (level 3, -5/34 HPs)
             Began as a Minotaur Berserker on Oct 22, 2021.
             Was a Follower of Trog.
             Slain by a gnoll (8 damage)
             ... on level 2 of the Dungeon.
             The game lasted 00:02:48 (1203 turns).

Rocko1345 the Chopper (Minotaur Berserker)          Turns: 1203, Time: 00:02:50

Health: -5/34      AC:  6    Str: 22    XL:     3   Next: 58%
Magic:  2/2        EV: 11    Int:  4    God:    Trog [*.....]
Gold:   22         SH:  0    Dex:  9    Spells: 2/2 levels left

rFire   . . .      SeeInvis .   a - +0 hand axe
rCold   . . .      Faith    .   (no shield)
rNeg    . . .      Spirit   .   g - +0 ring mail
rPois   .          Reflect  .   (helmet restricted)
rElec   .          Harm     .   i - +0 cloak
rCorr   .          Rampage  .   (no gloves)
Will    .....                   (no boots)
Stlth   ..........              (no amulet)
HPRegen 0.11/turn               (no ring)
MPRegen 0.08/turn               (no ring)

@: on berserk cooldown, slowed, very slow
A: horns 2, retaliatory headbutt
a: Renounce Religion, Berserk


You were on level 2 of the Dungeon.
You worshipped Trog.
Trog was aware of your devotion.
You visited 1 branch of the dungeon, and saw 2 of its levels.

You collected 22 gold pieces.

Inventory:

Hand Weapons
 a - a +0 hand axe (weapon)
Armour
 b - a +0 animal skin
 g - a +0 ring mail (worn)
 i - a +0 cloak (worn)
Wands
 h - a wand of paralysis (11)
Scrolls
 c - 2 scrolls of identify {unknown}
 e - a scroll of fog {unknown}
Potions
 d - a potion of curing {unknown}
 f - a potion of degeneration {unknown}


   Skills:
 * Level 4.3 Fighting
 * Level 4.6 Axes
 + Level 2.6 Armour
 + Level 2.6 Dodging


You had 2 spell levels left.
You didn't know any spells.
Your spell library was empty.

Dungeon Overview and Level Annotations

Branches:
Dungeon (2/15)

Altars:


Innate Abilities, Weirdness & Mutations

You have a pair of horns on your head.
You reflexively headbutt those who attack you in melee.


Message History

You slash the gnoll!
You kill the gnoll!
Trog accepts your kill.
You hit the gnoll. The gnoll hits you but does no damage.
You barely miss the gnoll.
The gnoll is moderately wounded.
The gnoll shouts!
You hear an angry hiss.
The gnoll closely misses you.
You slice the gnoll!!
You kill the gnoll!
Trog accepts your kill.
Things that are here:
a +0 whip; a gnoll corpse You feel a strong urge to attack something.
You slash the rat!
You kill the rat!
Trog accepts your kill.
You are no longer berserk.
You are exhausted.
You feel yourself slow down.
A frilled lizard comes into view.
The gnoll hits you from afar with a +0 halberd.
An endoplasm comes into view.
The endoplasm quivers.
The gnoll barely misses you.
You hit the gnoll but do no damage.
You headbutt the gnoll, but do no damage.
A bat comes into view.
The gnoll barely misses you. x2; You furiously retaliate!
You headbutt the gnoll. You hit the gnoll but do no damage.
You headbutt the gnoll.
The gnoll is severely wounded.
The gnoll hits you with a +0 halberd!
You hit the gnoll but do no damage.
The gnoll is severely wounded.
You closely miss the bat. The bat closely misses you.
The bat barely misses you. The gnoll hits you with a +0 halberd!
* * * LOW HITPOINT WARNING * * *
The gnoll hits you with a +0 halberd!
You die...

...... P♣.....
.....#.### #....
♣.......# #....
♣...J...# #?...
.♣...#...#### ######....
..P...b.....# #...# ....
.....lg@..#.###.#.##.#..
...####)..#.^.#.#....#..
.....##...###.#.#...##..
........)...............
.$>.....................
...##########.#####.####
.. #... ...##..
##......##.# ......##.#


You could see a gnoll, an endoplasm, a bat and a frilled lizard.

Vanquished Creatures
  2 gnolls (D:2)
  An adder (D:2)
  2 bats (D:1)
  2 endoplasms (D:2)
  A giant cockroach (D:2)
  A goblin (D:2)
  2 hobgoblins
  5 ball pythons
  2 frilled lizards (D:1)
  A kobold (D:2)
  5 rats
24 creatures vanquished.

Vanquished Creatures (others)
  2 fungi (D:2)
  3 plants (D:2)
5 creatures vanquished.

Grand Total: 29 creatures vanquished

Notes
Turn   | Place    | Note
-------+----------+-------------------------------------------
     0 | D:1      | Rocko1345 the Minotaur Berserker began the quest for the
                  | Orb.
     0 | D:1      | Reached XP level 1. HP: 19/19 MP: 0/0
   348 | D:1      | Reached XP level 2. HP: 25/27 MP: 1/1
  1168 | D:2      | Reached XP level 3. HP: 31/33 MP: 2/2
  1203 | D:2      | Slain by a gnoll

Illustrated notes

Levels and vault maps discovered:
D:1:      minmay_arrival_doors, layout_basic, minmay_tromino_v4_c
D:2:      layout_basic, dreamdust_ecumenical_altar_grove,
          corexii_hall_statues_u, palyth_stone_intersect, minivault_25,
          minmay_joined_circles

Skill      XL: |  1  2 |
---------------+-------+-----
Axes           | 4 |  4.6
Fighting       | 4 |  4.3
Armour         | |  2.6
Dodging        | |  2.6

Action                   || total
-------------------------++-------
Melee: Hand axe          ||    43
       Headbutt          ||     6
Invok: Berserk           ||     1
Armor: Animal skin       ||     4
       Ring mail         ||    18
Dodge: Dodged            ||    36

Table legend: (Time is in decaauts)
 A = Elapsed time spent in this place.
 B = Non-inter-level travel time spent in this place.
 C = Inter-level travel time spent in this place.
 D = Time resting spent in this place.
 E = Time spent auto-exploring this place.
 F = Levels seen in this place.
 G = Mean time per level.
                   A        B        C        D        E       F      G
               +--------+--------+--------+--------+--------+-----+--------+
         Total |   1205 |   1205 |      0 |    237 |    648 |   2 |  602.5 |
       Dungeon |   1205 |   1205 |      0 |    237 |    648 |   2 |  602.5 |
               +--------+--------+--------+--------+--------+-----+--------+

Top non-repeatable levels by time:
     D:1: 819 daAuts
     D:2: 386 daAuts
